AoeStats
← moron

Arena

504278261Analyzed
4v4 RM · 29d ago on Sep 4, 2026· 54m 7s· 8 players
Game mode
Random Map
Map size
Large (8 player)
Population
200
Speed
Normal
Resources
Standard
Victory
Conquest
Starting age
Dark Age
Ending age
Imperial Age
RankedLock teamsTeams togetherTeam positionsShared explorationLock speedFull tech treeHidden civsTurbo modeCheats
Victory
Defeat
🇧🇦 Khmer · Bosnia & Herzegovina
1305
+17
🇬🇧 Celts · United Kingdom
1297
+18
🇬🇧 Goths · United Kingdom
1288
+18
🇬🇧 Slavs · United Kingdom
1238
+20
🇦🇷 Hindustanis · Argentina
1444
-24
🇦🇷 Persians · Argentina
1379
-20
🇪🇸 Spanish · Spain
1280
-16
🇦🇷 Cumans · Argentina
1218
-13
moron
10:22 Feudal Age
14:19 Castle Age
12:56 Double-Bit Axe
14:49 Horse Collar
17:00 Pikeman
25:02 Scale Mail Armor
25:13 Forging
28:15 Bow Saw
28:45 Wheelbarrow
30:37 Loom
31:48 Chain Mail Armor
33:16 Gold Mining
34:16 Heavy Plow
38:41 Imperial Age
36:31 Hand Cart
38:23 Town Watch
40:23 Plate Mail Armor
40:29 Iron Casting
39:16 Halberdier
41:10 Iron Casting
40:45 Town Patrol
40:12 Capped Ram
41:00 Siege Engineers
44:06 Blast Furnace
48:52 Siege Ram
49:49 Furor Celtica
49:59 Conscription
52:20 Coinage
Oliver
9:37 Feudal Age
16:34 Castle Age
15:21 Horse Collar
16:14 Double-Bit Axe
16:58 Pikeman
19:49 Scale Mail Armor
24:11 Loom
24:48 Town Watch
29:59 Wheelbarrow
29:34 Man-at-Arms
30:17 Squires
30:28 Forging
31:43 Chain Mail Armor
31:30 Long Swordsman
33:41 Bow Saw
36:14 Imperial Age
35:43 Heavy Plow
36:38 Iron Casting
36:19 Capped Ram
39:13 Halberdier
42:39 Conscription
41:56 Elite Skirmisher
42:31 Fletching
42:42 Padded Archer Armor
49:21 Onager
49:36 Siege Ram
51:00 Conscription
50:44 Druzhina
50:20 Two-Handed Swordsman
King Hansonite III
11:13 Feudal Age
13:44 Horse Collar
14:31 Loom
17:14 Castle Age
14:37 Man-at-Arms
15:58 Double-Bit Axe
18:18 Scale Mail Armor
18:48 Long Swordsman
20:21 Forging
21:13 Squires
21:51 Chain Mail Armor
21:23 Pikeman
23:55 Pikeman
25:20 Wheelbarrow
26:23 Heavy Plow
27:04 Iron Casting
29:34 Anarchy
29:42 Fletching
35:04 Hand Cart
34:47 Gold Mining
35:13 Bow Saw
40:13 Imperial Age
41:02 Bloodlines
40:13 Light Cavalry
40:20 Halberdier
42:14 Blast Furnace
41:48 Husbandry
43:32 Scale Barding Armor
42:53 Hussar
47:30 Chain Barding Armor
46:45 Elite Skirmisher
49:12 Cavalier
51:10 Chemistry
50:30 Ballistics
50:20 Padded Archer Armor
51:45 Crop Rotation
53:04 Bodkin Arrow
1godi
10:31 Feudal Age
13:29 Castle Age
11:49 Double-Bit Axe
13:21 Horse Collar
21:08 Gold Mining
22:49 Scale Barding Armor
22:54 Forging
23:08 Bloodlines
23:32 Forging
24:30 Chain Barding Armor
25:05 Bow Saw
26:31 Wheelbarrow
26:23 Husbandry
26:59 Stone Mining
27:08 Loom
28:30 Iron Casting
35:37 Imperial Age
33:23 Hand Cart
32:54 Town Watch
34:31 Heavy Plow
36:18 Tusk Swords
36:40 Conscription
36:58 Plate Barding Armor
37:34 Crop Rotation
36:56 Light Cavalry
37:53 Town Patrol
39:49 Blast Furnace
39:26 Scale Mail Armor
40:17 Hussar
40:30 Capped Ram
41:18 Siege Engineers
41:23 Masonry
41:50 Hoardings
41:45 Chain Mail Armor
40:51 Pikeman
41:34 Halberdier
43:17 Siege Ram
47:17 Arson
50:39 Coinage
51:17 Elite Battle Elephant
| ArCas | El BrancaS
10:25 Feudal Age
14:41 Castle Age
12:28 Double-Bit Axe
12:54 Horse Collar
14:55 Gold Mining
16:37 Bow Saw
20:06 Loom
21:32 Scale Barding Armor
26:48 Ballistics
26:42 Town Watch
27:33 Wheelbarrow
27:13 Stone Mining
31:54 Imperial Age
32:02 Padded Archer Armor
34:13 Chemistry
33:30 Leather Archer Armor
37:02 Ring Archer Armor
36:59 Conscription
41:25 Heavy Plow
42:30 Two-Man Saw
41:56 Shatagni
43:37 Siege Engineers
44:08 Thumb Ring
45:57 Hand Cart
47:22 Stone Shaft Mining
47:19 Grand Trunk Road
47:38 Fletching
51:00 Bodkin Arrow
53:00 Bracer
53:10 Scale Barding Armor
53:15 Forging
| ArCas | Agi_alex
5:26 Loom
9:49 Feudal Age
15:31 Castle Age
14:46 Horse Collar
17:36 Double-Bit Axe
21:08 Town Watch
40:46 Wheelbarrow
50:03 Pikeman
50:50 Squires
52:28 Scale Mail Armor
52:19 Arson
54:19 Forging
| ArCas | 4cei3
5:30 Loom
8:46 Feudal Age
9:22 Double-Bit Axe
9:23 Horse Collar
12:23 Loom
15:07 Wheelbarrow
21:22 Castle Age
21:33 Castle Age
20:20 Scale Barding Armor
20:25 Forging
22:56 Bloodlines
25:19 Chain Barding Armor
27:06 Iron Casting
29:28 Heavy Plow
29:41 Bow Saw
41:51 Imperial Age
42:22 Hand Cart
43:09 Plate Barding Armor
41:55 Cavalier
43:17 Gold Mining
43:17 Stone Mining
43:27 Light Cavalry
46:25 Two-Man Saw
45:51 Hussar
48:17 Fletching
49:27 Ballistics
50:08 Chemistry
49:05 Bodkin Arrow
49:11 Padded Archer Armor
50:11 Blast Furnace
49:26 Elite Skirmisher
50:56 Steppe Husbandry
51:51 Leather Archer Armor
| ArCas | Sir.Ichiro
9:58 Feudal Age
13:59 Castle Age
12:15 Double-Bit Axe
12:12 Horse Collar
12:22 Loom
16:40 Bow Saw
19:19 Scale Mail Armor
23:36 Scale Barding Armor
23:42 Forging
24:09 Gold Mining
24:50 Bloodlines
26:02 Wheelbarrow
26:17 Husbandry
27:27 Iron Casting
27:07 Heavy Plow
31:37 Hand Cart
31:08 Town Watch
31:45 Chain Barding Armor
35:06 Imperial Age
32:36 Light Cavalry
35:31 Cavalier
36:49 Plate Barding Armor
37:15 Blast Furnace
38:10 Chemistry
39:09 Savar
40:54 Chain Mail Armor
41:55 Fletching
42:30 Ballistics
Connection lost

Rejoining the realm…

Still unreachable

The connection could not be restored.

Session expired

The server has moved on; the page needs a fresh start.